[Event "Kashem Chowdhury Rating-A 2019"]
[Site "Dhaka"]
[Date "2019.05.06"]
[Round "1.3"]
[White "Subrota, Biswas"]
[Black "Mohammad Fahad, Rahman"]
[Result "0-1"]
[ECO "D27"]
[WhiteElo "2086"]
[BlackElo "2322"]
[Annotator "RC"]
[PlyCount "116"]
[EventDate "2019.05.04"]
[EventType "swiss"]
[EventCountry "BAN"]
[SourceTitle "playchess.com"]
[Source "ChessBase"]
[SourceQuality "1"]
[TimeControl "5400+30"]

1. d4 d5 2. c4 dxc4 3. Nf3 Nf6 4. e3 e6 5. Bxc4 c5 6. O-O a6 7. Bb3 Nc6 8. Nc3 Be7 9. Ne5 O-O 10. Nxc6 bxc6 11. dxc5 Bxc5 12. Qxd8 Rxd8 13. Rd1 Bb7 14. Bd2 Bb4 15. Be1 c5 16. f3 Bc6 17. e4 Nd7 18. Bc4 Rdc8 19. Be2 Nb6 20. a3 Bxc3 21. bxc3 Bb5 22. Bxb5 axb5 23. Rdb1 Nc4 24. Rxb5 Nxa3 25. Rb2 Nc4 26. Rxa8 Rxa8 27. Rb5 f6 28. Kf1 Ne5 29. c4 Ra1 30. Rb3 Nxc4 31. Rc3 Ne5 32. Ke2 Kf7 33. Bd2 Nd7 34. Be3 Ra2+ 35. Kf1 Ra5 36. Rb3 Ke7 37. Rb7 Kd6 38. Bf4+ e5 39. Be3 Kc6 40. Rb2 Ra3 41. Ke2 Nb6 42. Bf2 Ra4 43. h4 Rb4 44. Rd2 c4 45. Rd8 Rb2+ 46. Ke1 c3 47. Be3 Rb1+ 48. Ke2 c2 49. Bd2 c1=Q 50. Bxc1 Rxc1 51. Rg8 Rc2+ 52. Kf1 g6 53. Rf8 Nc4 54. Rxf6+ Kc5 55. g4 Kd4 56. h5 gxh5 57. gxh5 Ke3 58. Kg1 Nd2 0-1

[Event "Kashem Chowdhury Rating-A 2019"]
[Site "Dhaka"]
[Date "2019.05.06"]
[Round "2.6"]
[White "Nayem, Haque"]
[Black "Mohammad Minhaz Uddin"]
[Result "0-1"]
[ECO "C42"]
[WhiteElo "2106"]
[BlackElo "2294"]
[Annotator "RC"]
[PlyCount "36"]
[EventDate "2019.05.04"]
[EventType "swiss"]
[EventCountry "BAN"]
[SourceTitle "playchess.com"]
[Source "ChessBase"]
[SourceQuality "1"]
[TimeControl "5400+30"]

1. e4 e5 2. Nf3 Nf6 3. Nxe5 d6 4. Nd3 Nxe4 5. Qe2 Qe7 6. Nf4 c6 7. d3 Nf6 8. Nc3 Bf5 9. f3 Na6 10. Qxe7+ Bxe7 11. Ne4 O-O-O 12. Ng3 Bd7 13. Bd2 d5 14. d4 Nc7 15. Bd3 Rhe8 16. Kf2 g6 17. c3 h5 18. h4 Ng8 0-1

[Event "Kashem Chowdhury Rating-A 2019"]
[Site "Dhaka"]
[Date "2019.05.06"]
[Round "2.8"]
[White "Md. Jamal Uddin"]
[Black "Islam, Mohammad Aminul"]
[Result "1-0"]
[ECO "E73"]
[WhiteElo "2084"]
[BlackElo "2027"]
[Annotator "NA RC"]
[PlyCount "41"]
[EventDate "2019.05.04"]
[EventType "swiss"]
[EventCountry "BAN"]
[SourceTitle "playchess.com"]
[Source "ChessBase"]
[SourceQuality "1"]
[TimeControl "5400+30"]

1. d4 Nf6 2. c4 d6 3. Nc3 g6 4. e4 Bg7 5. Be2 Nbd7 6. Bg5 h6 7. Be3 c5 8. d5 Qa5 9. Bd2 a6 10. Qc2 O-O 11. Nf3 Rb8 12. O-O Qc7 13. h3 Re8 14. a4 e6 15. dxe6 Rxe6 16. Rae1 b6 17. Nd5 Qd8 18. Bd3 Bb7 19. Bc3 Nxd5 20. exd5 Rxe1 21. Rxe1 1-0

[Event "Kashem Chowdhury Rating-A 2019"]
[Site "Dhaka"]
[Date "2019.05.06"]
[Round "2.11"]
[White "Anowar, Hossain Dulal"]
[Black "Jabed Al Azad"]
[Result "1-0"]
[ECO "A06"]
[WhiteElo "1814"]
[BlackElo "1999"]
[Annotator "NA RC"]
[PlyCount "71"]
[EventDate "2019.05.04"]
[EventType "swiss"]
[EventCountry "BAN"]
[SourceTitle "playchess.com"]
[Source "ChessBase"]
[SourceQuality "1"]
[TimeControl "5400+30"]

1. b3 d5 2. Bb2 c5 3. e3 Nc6 4. Nf3 Nf6 5. Bb5 Bg4 6. h3 Bh5 7. g4 Bg6 8. Bxc6+ bxc6 9. Ne5 Qc7 10. d3 e6 11. Nxg6 hxg6 12. Qf3 e5 13. Nd2 a5 14. a4 Rb8 15. e4 d4 16. Nc4 Nd7 17. Qg3 Bd6 18. Bc1 Ra8 19. Bd2 Nf8 20. f4 exf4 21. Nxd6+ Qxd6 22. Bxf4 Qd7 23. h4 Ne6 24. h5 Ke7 25. O-O-O gxh5 26. gxh5 Nxf4 27. Qxf4 Qd6 28. Qg5+ Kf8 29. Kb2 Re8 30. Rdf1 c4 31. Rhg1 c3+ 32. Ka2 Rh7 33. Qf5 g6 34. hxg6 Qh2 35. Rf2 Qxg1 36. gxh7 1-0

[Event "Kashem Chowdhury Rating-A 2019"]
[Site "Dhaka"]
[Date "2019.05.06"]
[Round "3.1"]
[White "Hossain, Enamul"]
[Black "Rahman, Ziaur"]
[Result "1-0"]
[ECO "B01"]
[WhiteElo "2442"]
[BlackElo "2485"]
[Annotator "ChessBase"]
[PlyCount "111"]
[EventDate "2019.05.04"]
[EventType "swiss"]
[EventCountry "BAN"]
[SourceTitle "playchess.com"]
[Source "ChessBase"]
[SourceQuality "1"]
[TimeControl "5400+30"]

1. e4 d5 2. exd5 Qxd5 3. Nc3 Qa5 4. d4 Nf6 5. Nf3 Bf5 6. Ne5 c6 7. Bd3 Bxd3 8. Qxd3 e6 9. O-O Nbd7 10. Qg3 Nxe5 11. dxe5 Nd7 12. Bf4 h6 13. Ne4 O-O-O 14. Rfd1 Qa4 15. Qd3 Be7 16. b3 Qa5 17. Nd6+ Bxd6 18. exd6 Rhe8 19. Be3 b6 20. a4 Kb7 21. Qc4 Rc8 22. Qd4 f6 23. b4 Qf5 24. a5 e5 25. Qb2 b5 26. a6+ Ka8 27. c4 bxc4 28. Qe2 Qe6 29. Rac1 f5 30. Rxc4 f4 31. Bc5 Nf6 32. Rc2 Qd7 33. Rdc1 e4 34. f3 Rb8 35. fxe4 Rxe4 36. Qd3 Re6 37. Re2 Rxe2 38. Qxe2 Re8 39. Qf3 g5 40. b5 Ne4 41. Ba3 Qd8 42. Rxc6 Kb8 43. b6 Qf6 44. bxa7+ Kxa7 45. Rc7+ Ka8 46. Qd3 Qe5 47. Rc1 g4 48. d7 Rd8 49. Qc4 Ka7 50. Rd1 f3 51. gxf3 gxf3 52. Qd4+ Qxd4+ 53. Rxd4 Nf6 54. Be7 Rxd7 55. Bxf6 Rc7 56. Rd6 1-0

[Event "Kashem Chowdhury Rating-A 2019"]
[Site "Dhaka"]
[Date "2019.05.06"]
[Round "3.2"]
[White "Mohammad Minhaz Uddin"]
[Black "Mohammad Fahad, Rahman"]
[Result "1-0"]
[ECO "B58"]
[WhiteElo "2294"]
[BlackElo "2322"]
[Annotator "NA"]
[PlyCount "125"]
[EventDate "2019.05.04"]
[EventType "swiss"]
[EventCountry "BAN"]
[SourceTitle "playchess.com"]
[Source "ChessBase"]
[SourceQuality "1"]
[TimeControl "5400+30"]

1. e4 c5 2. Nf3 d6 3. d4 cxd4 4. Nxd4 Nf6 5. Nc3 Nc6 6. Be2 e5 7. Nf3 Be7 (7... h6 8. O-O Be7 9. Re1 O-O {½-½ (12) Kovchan,A (2596)-Baklan,V (2600) Trieste 2017}) 8. O-O O-O 9. h3 h6 10. Re1 Be6 11. Bf1 Qa5 12. Bd2 Qc7 {[%emt 0:03:12] B58: Classical Sicilian: 6 Be2} 13. Nb5 Qd7 14. c4 Nh7 $146 ({Predecessor:} 14... a6 15. Nc3 Bd8 16. Rc1 Ne7 17. Be3 Ba5 18. Nd2 Rfc8 19. a3 Bxc3 20. Rxc3 {1-0 (41) Siepelt,H (2261)-Cernousek,L (2420) Bayern 2008}) 15. Bd3 f5 16. exf5 Bxf5 17. Bxf5 Rxf5 18. Be3 a6 19. Nc3 Raf8 20. Nd2 Ng5 21. Nde4 Ne6 22. Ng3 R5f7 23. Qg4 Bg5 24. Nce4 Bxe3 25. fxe3 Nc5 26. Rad1 Qxg4 27. hxg4 Nxe4 28. Nxe4 Rc7 29. Re2 b5 30. cxb5 axb5 31. Rc2 d5 32. Nd6 Rd8 {[%emt 0:01:29] [#]} 33. Nf5 $1 ({Weaker is} 33. Rxd5 Nb4 $14) ({Don't take} 33. Nxb5 $6 Rcc8 $16) 33... Kh7 {[%emt 0:00:12] [#]} 34. Rdc1 $1 g6 {[%emt 0:01:37] [#]} 35. Nh4 $1 ({Resist} 35. Rxc6 $6 Rxc6 36. Rxc6 gxf5 $16) 35... Rd6 36. Nf3 d4 {[%emt 0:00:42] [#]} 37. Nxe5 $1 {[%emt 0:04:14] Pin} d3 38. Rxc6 Rcxc6 39. Nxc6 (39. Rxc6 $2 {too greedy.} Rxc6 40. Nxd3 (40. Nxc6 $2 {is the wrong capture.} d2 $19) 40... Rc2 $19) 39... d2 40. Rd1 Rxc6 41. Rxd2 Kg7 42. Rd5 Rc1+ 43. Kh2 b4 44. Rd4 Ra1 45. Rxb4 Rxa2 46. Kg3 Kf6 $18 47. Kf4 Ra6 48. g5+ hxg5+ 49. Kg4 Re6 50. e4 Rc6 51. b3 (51. Rb5 $18 {has better winning chances.}) 51... Rc2 52. g3 Rc3 53. Rb6+ Ke5 54. b4 Kxe4 55. Rxg6 Rb3 56. Re6+ Kd4 57. Rb6 Kd5 58. b5 Kd4 59. Rb8 Ke5 60. Rg8 Rb4+ 61. Kh5 Ke4 62. Rxg5 Kf3 63. Kg6 1-0

[Event "Kashem Chowdhury Rating-A 2019"]
[Site "Dhaka"]
[Date "2019.05.06"]
[Round "3.3"]
[White "Md.abu, Hanif"]
[Black "Islam, Kh. Aminul"]
[Result "0-1"]
[ECO "A48"]
[WhiteElo "2042"]
[BlackElo "2229"]
[Annotator "NA"]
[PlyCount "80"]
[EventDate "2019.05.04"]
[EventType "swiss"]
[EventCountry "BAN"]
[SourceTitle "playchess.com"]
[Source "ChessBase"]
[SourceQuality "1"]
[TimeControl "5400+30"]

1. d4 Nf6 2. Bf4 g6 3. Nf3 Bg7 4. e3 d6 5. h3 Nbd7 6. Be2 O-O 7. O-O b6 8. Nbd2 Bb7 9. c3 Re8 10. Nc4 {[%emt 0:01:25] A48: 1 d4 Nf6 2 Nf3 g6: Torre, London and Colle Systems} (10. Bh2 e5 11. a4 a6 12. Qb3 Qe7 13. Rfd1 e4 14. Ne1 a5 15. Rac1 h5 16. c4 g5 17. Nf1 Qe6 {0-1 (60) Rakesh,K (2416)-Kriebel,T (2507) Prague 2019}) 10... Ne4 11. Nfd2 e5 12. Bh2 Nxd2 13. Nxd2 Nf6 14. dxe5 dxe5 15. Nf3 Ne4 $146 ({Predecessor:} 15... e4 16. Nd4 c5 17. Nb5 Rc8 18. Nd6 Qe7 19. Nxc8 Rxc8 {1-0 (46) Palchun,G (2129)-Kosov,I (1746) St Petersburg 2008}) 16. Qxd8 Raxd8 17. Rfd1 f6 18. Bb5 Rf8 19. Kf1 Kf7 20. Ke1 Ke7 21. Ng1 Nd6 22. Bf1 Rd7 23. f3 Rfd8 24. e4 Bh6 25. Bd3 Bc6 26. b3 Nb7 27. Be2 Bd2+ 28. Kf1 Nc5 29. c4 a5 30. Bg3 Na6 31. Be1 {[%emt 0:00:58] [#]} (31. a3 $17 {is a better defense.}) 31... Nb4 $1 32. a4 (32. Bf2 {keeps fighting.}) 32... Nc2 {[%emt 0:00:44] Double Attack} 33. Rxd2 Rxd2 ({Weaker is} 33... Nxa1 34. Rb2 $17) 34. Rc1 Nxe1 35. Kxe1 Rb2 36. Rc3 Be8 37. h4 Rdd2 38. Re3 Rdc2 39. Nh3 Rc1+ 40. Kf2 Rcb1 $19 0-1

[Event "Kashem Chowdhury Rating-A 2019"]
[Site "Dhaka"]
[Date "2019.05.06"]
[Round "3.5"]
[White "Mehdi Hasan Parag"]
[Black "Bhuiyan, Golam Mostafa"]
[Result "1-0"]
[ECO "B09"]
[WhiteElo "2227"]
[BlackElo "2101"]
[Annotator "NA"]
[PlyCount "195"]
[EventDate "2019.05.04"]
[EventType "swiss"]
[EventCountry "BAN"]
[SourceTitle "playchess.com"]
[Source "ChessBase"]
[SourceQuality "1"]
[TimeControl "5400+30"]

1. e4 d6 2. d4 Nf6 3. Nc3 g6 4. f4 Bg7 5. Bd3 O-O 6. Nf3 c5 7. dxc5 dxc5 8. e5 Ng4 {[%emt 0:07:57] B09: Pirc Defence: Austrian Attack} (8... Nd5 $14 9. Nxd5 Qxd5 10. Qe2 Bf5 11. Bxf5 gxf5 12. O-O Nc6 13. Rd1 Qe6 14. Be3 b6 15. Ng5 Qg6 16. h4 h5 17. Bf2 Rad8 18. Rxd8 Rxd8 {0-1 (43) Aronian,L (2813)-Svidler,P (2769) Stavanger 2013}) 9. h3 Nh6 10. g4 Nc6 11. Be3 Nd4 $146 ({Predecessor:} 11... Qa5 12. Qd2 Rd8 13. Qf2 b6 14. Be4 Bb7 15. O-O Rac8 16. f5 {0-1 (31) Woeber,F (2115)-Sandmeier,T (2171) Vienna 2015}) 12. Bxd4 cxd4 13. Ne2 Qb6 14. Qd2 Qxb2 15. O-O Rd8 16. Rfb1 Qa3 17. Qb4 Qxb4 18. Rxb4 b6 19. Be4 Rb8 20. Rd1 Bb7 $2 (20... f5 $11 {and Black is okay.} 21. exf6 exf6) 21. Bxb7 ({Not} 21. Rbxd4 Rxd4 22. Rxd4 Bxe4 $11) ({And not} 21. Rdxd4 Bxe4 22. Rxd8+ (22. Rxe4 f5 $15) 22... Rxd8 $11) 21... Rxb7 22. Rbxd4 Rxd4 23. Rxd4 e6 24. Rd8+ Bf8 {[%emt 0:00:02] [#]} 25. f5 $1 exf5 (25... Nxf5 {was necessary.} 26. gxf5 gxf5) 26. g5 Ng4 27. hxg4 fxg4 28. Nh2 Kg7 29. Nxg4 Be7 30. Rd5 Bxg5 31. Kg2 h5 32. Nf2 Rc7 33. c3 Be7 {[%emt 0:05:03] [#]} 34. Ne4 $1 g5 35. Nd4 Kg6 36. Nb5 Rc4 {[%emt 0:00:38] [#]} 37. Rd4 $1 Rc6 38. Nxa7 Re6 39. Rd5 h4 40. Nc8 Bf8 41. Ncd6 Be7 42. Nf2 f5 43. Nd3 f4 44. c4 Bf8 45. Kh3 Kh5 46. Nf2 Re7 47. Nb5 Bg7 48. Ng4 Rf7 49. e6 Re7 50. Rd7 Rxe6 51. Rxg7 Re1 52. Rh7+ Kg6 53. Rh6+ Kg7 54. Rxb6 Rg1 55. Ne5 Rg3+ 56. Kh2 f3 57. Rg6+ Kh7 58. Rf6 g4 59. Nxg4 Rxg4 60. Nd6 Rd4 61. c5 Rd2+ 62. Kh3 f2 63. Ne4 Rxa2 64. Rxf2 Ra4 65. Rf4 Kg6 66. Kxh4 Rc4 67. Kg4 Rc1 68. Kf3 Rf1+ 69. Ke3 Rd1 70. Nd2 Rc1 71. Rc4 Re1+ 72. Kd3 Kf7 73. Re4 Rc1 74. Kd4 Rd1 75. Re2 Rc1 76. Kd5 Rc3 77. Kd6 Rd3+ 78. Kc7 Rd4 79. c6 Ra4 80. Nb3 Ra7+ 81. Kd8 Ra6 82. Nd4 Ra4 83. Re4 Ra8+ 84. Kd7 Ra4 85. Rf4+ Kg6 86. c7 Ra7 87. Nc6 Rb7 88. Rb4 Rxc7+ 89. Kxc7 Kf5 90. Kd6 Kf6 91. Rf4+ Kg5 92. Ke5 Kg6 93. Rf1 Kg5 94. Rg1+ Kh6 95. Kf5 Kh7 96. Kf6 Kh8 97. Kf7 Kh7 98. Rh1# 1-0

[Event "Kashem Chowdhury Rating-A 2019"]
[Site "Dhaka"]
[Date "2019.05.06"]
[Round "3.7"]
[White "Sumit, Kumar"]
[Black "Alam, Monjur"]
[Result "1-0"]
[ECO "C00"]
[WhiteElo "2201"]
[BlackElo "2031"]
[Annotator "NA"]
[PlyCount "65"]
[EventDate "2019.05.04"]
[EventType "swiss"]
[EventCountry "BAN"]
[SourceTitle "playchess.com"]
[Source "ChessBase"]
[SourceQuality "1"]
[TimeControl "5400+30"]

1. e4 e6 2. d3 d5 3. Nd2 Nf6 4. Ngf3 Be7 5. g3 c5 6. Bg2 Nc6 7. O-O O-O 8. e5 Nd7 9. Re1 Re8 10. Nf1 Qc7 11. Qe2 {[%emt 0:05:19] C00: French: Unusual White 2nd moves} Nf8 (11... b5 12. Bf4 a5 13. Ne3 Qb6 14. c3 Ba6 15. h4 Rad8 16. h5 d4 17. Ng4 c4 18. dxc4 bxc4 19. cxd4 {0-1 (33) Bachmann,A (2566)-Zambrana,O (2467) Luque 2012}) 12. h4 b5 $146 ({Predecessor:} 12... f6 13. exf6 Bxf6 14. Ng5 Nd4 15. Qd1 Rd8 16. c3 {½-½ (16) Rambousek,J (1999)-Frolik,M (2192) Czech Republic 2018}) 13. N1h2 Bb7 14. h5 d4 15. h6 g6 16. Bg5 Nb4 17. c3 dxc3 18. bxc3 Nd5 19. c4 bxc4 20. dxc4 Nb6 21. Bxe7 Rxe7 (21... Qxe7 {was worth a try.} 22. Nd2 Bxg2) 22. Ng4 Nfd7 23. Red1 Rb8 (23... Rf8 $142 24. Ng5 Bxg2 25. Kxg2 f6) 24. Qe3 Qc8 25. Qf4 Qf8 26. Rd6 Ba6 27. Rad1 Kh8 28. Ng5 Rc8 29. Bc6 Rc7 30. Nf6 Bc8 31. Ngxh7 Qd8 32. Nxd7 $18 Nxd7 33. Nf6 1-0

[Event "Kashem Chowdhury Rating-A 2019"]
[Site "Dhaka"]
[Date "2019.05.06"]
[Round "3.8"]
[White "Subrota, Biswas"]
[Black "Ahmed, Sk. Nasir"]
[Result "1-0"]
[ECO "E14"]
[WhiteElo "2086"]
[BlackElo "2170"]
[Annotator "NA"]
[PlyCount "65"]
[EventDate "2019.05.04"]
[EventType "swiss"]
[EventCountry "BAN"]
[SourceTitle "playchess.com"]
[Source "ChessBase"]
[SourceQuality "1"]
[TimeControl "5400+30"]

1. d4 Nf6 2. Nf3 e6 3. c4 Bb4+ 4. Nbd2 d5 5. e3 O-O 6. Bd3 b6 7. O-O Bb7 8. Ne5 {[%emt 0:11:36] E14: Queen's Indian: Classical Variation (4 e3)} (8. a3 Be7 9. b4 c5 10. bxc5 bxc5 11. Rb1 Qc8 12. cxd5 Nxd5 13. Qc2 Nf6 14. dxc5 Na6 15. Bb2 Nxc5 16. Bxf6 gxf6 17. Bxh7+ Kg7 18. Rfc1 f5 19. Bxf5 exf5 {1-0 (47) Kramnik,V (2779)-Martinez Alcantara,J (2565) Batumi 2018}) 8... c5 9. a3 $146 ({Predecessor:} 9. Ndf3 cxd4 10. exd4 dxc4 11. Bxc4 Bd5 12. a3 Be7 13. Qe2 Nc6 14. Rd1 Bxc4 15. Qxc4 Na5 {½-½ (56) Valencia Jimenez,J (2068)-Schnelzer,R (2230) Barcelona 2015}) 9... Bxd2 10. Qxd2 Qd6 11. b3 dxc4 12. bxc4 Nc6 13. Bb2 Rfd8 14. Rad1 cxd4 15. exd4 Nxe5 16. dxe5 Qc6 17. f3 Qc5+ 18. Kh1 Nd7 19. Qg5 h6 20. Qh4 Qf8 21. Bd4 Kh8 22. f4 Nc5 ({Of course not} 22... Qxa3 $6 23. f5 $16) 23. Bc2 Re8 24. Qh3 $14 g6 25. f5 exf5 26. Rxf5 Ne6 27. Be3 Kh7 28. Rh5 Kg8 29. Bxh6 Ng7 30. Rg5 Bc8 31. Qg3 Be6 32. Bxg7 Qxg7 33. Bxg6 1-0

[Event "Kashem Chowdhury Rating-A 2019"]
[Site "Dhaka"]
[Date "2019.05.06"]
[Round "3.9"]
[White "Mohammad, Javed"]
[Black "Abdul, Momin"]
[Result "1-0"]
[ECO "B96"]
[WhiteElo "2152"]
[BlackElo "2037"]
[Annotator "NA"]
[PlyCount "75"]
[EventDate "2019.05.04"]
[EventType "swiss"]
[EventCountry "BAN"]
[SourceTitle "playchess.com"]
[Source "ChessBase"]
[SourceQuality "1"]
[TimeControl "5400+30"]

1. e4 c5 2. Nf3 d6 3. d4 cxd4 4. Nxd4 Nf6 5. Nc3 a6 6. Bg5 e6 7. f4 Nbd7 8. Qe2 Qc7 9. O-O-O b5 10. a3 {[%emt 0:14:39] B96: Sicilian Najdorf: 6 Bg5 e6 7 f4, lines other than 7...Qb6 and 7...Be7} Rb8 (10... Bb7 11. g4 h6 12. Bh4 Be7 13. Be1 Rc8 14. Bg2 Qc4 15. Qd2 Nxg4 16. Rg1 b4 17. axb4 Qxb4 {1-0 (36) Tsydypov,Z (2529)-Nepomniachtchi,I (2763) St Petersburg 2018}) 11. Nd5 (11. g4 $11) 11... exd5 12. exd5+ Be7 $1 {[%emt 0:00:07] [#]} 13. Nc6 $1 {[%emt 0:01:15] Double Attack} Nc5 $2 $146 ({Predecessor:} 13... Nb6 $15 {stays ahead.} 14. Bxf6 gxf6 15. Qh5 Bd7 16. Nxb8 Qxb8 17. Bd3 h6 {0-1 (46) Khlopov,S (2131)-Tsenkov,L (2396) LSS email 2012}) 14. Bxf6 gxf6 15. Nxb8 Qxb8 16. Re1 Qc7 17. g4 f5 18. g5 Ne4 19. Bg2 Nc5 (19... O-O $11) 20. h4 Kd8 21. Rh3 Bb7 $2 (21... Re8 22. Re3 Qb7) 22. Rc3 Qd7 23. b4 Na4 {[%emt 0:02:14] [#]} 24. Qxe7+ $1 Qxe7 25. Rxe7 Bxd5 $2 (25... Kxe7 26. Rc7+ {[%mdl 64] Double Attack} Kf8) 26. Rcc7 Bxg2 27. Red7+ Ke8 28. Rxd6 Be4 29. h5 Rf8 30. h6 Bf3 31. Rd3 Be4 32. Rd6 Bf3 33. g6 fxg6 34. Rxh7 Nc3 35. Rhd7 $18 (35. Rb6 $142 Ne2+ 36. Kb2 Rf7 37. Rb8+ Ke7 38. Rxf7+ Kxf7 39. h7 Nxf4 40. h8=Q) 35... Ne2+ 36. Kd2 Nxf4 37. Rd8+ Ke7 38. R6d7+ 1-0

[Event "Kashem Chowdhury Rating-A 2019"]
[Site "Dhaka"]
[Date "2019.05.06"]
[Round "3.10"]
[White "Md Aminul Islam"]
[Black "Hossain, Showkat Pollab"]
[Result "1-0"]
[ECO "A88"]
[WhiteElo "2012"]
[BlackElo "2150"]
[Annotator "NA"]
[PlyCount "82"]
[EventDate "2019.05.04"]
[EventType "swiss"]
[EventCountry "BAN"]
[SourceTitle "playchess.com"]
[Source "ChessBase"]
[SourceQuality "1"]
[TimeControl "5400+30"]

1. Nf3 f5 2. d4 Nf6 3. g3 g6 4. Bg2 Bg7 5. O-O O-O 6. c4 d6 7. Nc3 c6 8. Bf4 Qe8 {[%emt 0:03:31] A88: Dutch Defence: Leningrad System: 5 Nf3 0-0 6 0-0 d6 7 Nc3 c6} (8... Na6 9. Qd2 Nc7 10. Rac1 Rb8 11. d5 c5 12. a4 a6 13. Rb1 Bd7 14. a5 Na8 15. Ra1 b6 16. axb6 {½-½ (62) Siikaluoma,A (2551)-Shablinsky,M (2439) ICCF email 2009}) 9. Qc1 Ng4 $146 ({Predecessor:} 9... Na6 10. Rd1 Bd7 11. b3 Rc8 12. Qe3 Nh5 13. Rac1 Nxf4 14. gxf4 {½-½ (41) Dvorak,A (2230)-Vyskocil,N (2376) Brno 2015}) 10. d5 Nd7 11. Be3 (11. Rd1 $14) 11... e5 12. dxe6 $1 Nde5 13. b3 Bxe6 (13... Nxf3+ $15 14. exf3 Nxe3 15. Qxe3 Bxe6) 14. Rd1 (14. Bd2 $11) 14... Nxe3 15. Qxe3 Ng4 16. Qd3 Rd8 17. e3 Qe7 18. Rac1 h6 19. Nd4 Bc8 20. a4 a6 21. b4 Kh7 22. b5 axb5 23. axb5 Ne5 24. Qe2 c5 25. Nf3 Nd7 26. Nd5 Qf7 27. Ne1 Rfe8 28. Nd3 Ne5 29. h4 $16 g5 30. hxg5 hxg5 31. f4 Ng4 32. fxg5 Nxe3 33. N3f4 Nxd1 34. Qxd1 Bd4+ 35. Kh2 Rh8 36. Bf3 Kg7+ 37. Kg2 Be6 38. g6 Qg8 39. Ne7 Bxc4 40. Nxg8 Rhxg8 41. Rxc4 Rh8 1-0

[Event "Kashem Chowdhury Rating-A 2019"]
[Site "Dhaka"]
[Date "2019.05.07"]
[Round "4.3"]
[White "Rahman, Ziaur"]
[Black "Mohammad, Javed"]
[Result "*"]
[ECO "A43"]
[WhiteElo "2485"]
[BlackElo "2152"]
[Annotator "RC"]
[PlyCount "45"]
[EventDate "2019.05.04"]
[EventType "swiss"]
[EventCountry "BAN"]
[SourceTitle "playchess.com"]
[Source "ChessBase"]
[SourceQuality "1"]
[TimeControl "5400+30"]

1. d4 c5 2. d5 e6 3. e4 d6 4. Nc3 Nf6 5. Bb5+ Bd7 6. a4 exd5 7. exd5 Be7 8. Nge2 O-O 9. O-O Na6 10. Bxa6 bxa6 11. Ng3 Rb8 12. Qd3 Ng4 13. Qxa6 Rb4 14. Nb5 Nf6 15. c3 Rh4 16. Bg5 Bxb5 17. axb5 Rg4 18. Bxf6 Bxf6 19. Qxa7 Be5 20. Ra4 f5 21. Rxg4 fxg4 22. b6 Qa8 23. Nf5 *

[Event "Kashem Chowdhury Rating-A 2019"]
[Site "Dhaka"]
[Date "2019.05.07"]
[Round "4.4"]
[White "Mohammad Fahad, Rahman"]
[Black "Sumit, Kumar"]
[Result "1/2-1/2"]
[ECO "C86"]
[WhiteElo "2322"]
[BlackElo "2201"]
[Annotator "NA"]
[PlyCount "60"]
[EventDate "2019.05.04"]
[EventType "swiss"]
[EventCountry "BAN"]
[SourceTitle "playchess.com"]
[Source "ChessBase"]
[SourceQuality "1"]
[TimeControl "5400+30"]

1. e4 e5 2. Nf3 Nc6 3. Bb5 a6 4. Ba4 Nf6 5. O-O Be7 6. Qe2 b5 7. Bb3 d6 8. c3 O-O 9. h3 Na5 10. Bc2 c5 {[%emt 0:00:19] C86: Closed Ruy Lopez: Worrall Attack} 11. Rd1 (11. d3 Re8 12. Rd1 h6 13. Nbd2 Bf8 14. Nf1 d5 15. exd5 Qxd5 16. Ng3 Bb7 17. Ne4 Qe6 18. Re1 Nxe4 19. dxe4 {½-½ (51) Bortnyk,O (2610)-Almasi,Z (2682) Riadh 2017}) 11... Qc7 12. d3 Re8 13. Nbd2 Bf8 14. Nf1 g6 15. Bg5 Bg7 16. Rac1 $146 ({Predecessor:} 16. Ne3 Be6 17. Qd2 h6 18. Bxf6 Bxf6 {1-0 (58) Ivic,M (2237)-Godbole,A (2178) Zadar 2017}) 16... Be6 17. Bb1 h6 18. Be3 (18. Bxf6 $5 Bxf6 19. b4 $11) 18... Rad8 19. Ng3 (19. b4 $5 Nb7 20. Ng3 $11) 19... d5 20. b3 dxe4 21. dxe4 c4 22. b4 Nc6 23. Bc2 Rxd1+ 24. Rxd1 Rd8 25. a4 Rxd1+ 26. Qxd1 Qd7 27. Qa1 Qb7 28. Nf1 Nh5 29. Qc1 g5 30. Qd2 $11 Qd7 1/2-1/2

[Event "Kashem Chowdhury Rating-A 2019"]
[Site "Dhaka"]
[Date "2019.05.07"]
[Round "4.5"]
[White "Md Aminul Islam"]
[Black "Mehdi Hasan Parag"]
[Result "0-1"]
[ECO "D38"]
[WhiteElo "2012"]
[BlackElo "2227"]
[Annotator "NA RC"]
[PlyCount "106"]
[EventDate "2019.05.04"]
[EventType "swiss"]
[EventCountry "BAN"]
[SourceTitle "playchess.com"]
[Source "ChessBase"]
[SourceQuality "1"]
[TimeControl "5400+30"]

1. d4 Nf6 2. Nf3 d5 3. c4 e6 4. cxd5 exd5 5. Nc3 Bb4 6. Bg5 h6 7. Bxf6 Qxf6 8. e3 O-O 9. Rc1 c6 10. Be2 {[%emt 0:05:31] D38: Queen's Gambit Declined: Ragozin Defence (4 Nf3 Bb4)} Nd7 11. O-O Re8 12. a3 Bd6 13. Qc2 $146 ({Predecessor:} 13. b4 Qe7 14. Ne1 a5 15. Nd3 axb4 16. axb4 Bxb4 17. Nxb4 Qxb4 {0-1 (53) Gajewski,G (2581)-Corrales Jimenez,F (2586) ICC INT 2009}) 13... Nf8 14. Rb1 a6 15. b4 Qe7 16. Na4 Bg4 17. Nc5 Rad8 18. a4 Rc8 19. Rfc1 Ng6 20. h3 Be6 21. Bd3 Nf8 22. Bf1 Rc7 23. Bd3 Bc8 24. Re1 Qd8 25. a5 Rce7 26. Bf5 g6 27. Bxc8 Qxc8 28. e4 (28. Rb3 $15) 28... Bxc5 29. bxc5 Rxe4 30. Rxe4 Rxe4 31. Qd2 Kg7 32. Ne5 Ne6 33. Rb4 $17 Qc7 34. f3 Rxd4 35. Rxd4 Qxe5 36. Rb4 Nxc5 37. Qb2 Qxb2 38. Rxb2 Kf6 39. f4 Kf5 40. Rb4 Ke6 41. Kf1 Kd6 42. Ke2 Kc7 43. f5 g5 44. h4 Ne4 45. Kf3 gxh4 46. Kf4 f6 47. Kg4 c5 48. Rb1 c4 49. Kxh4 c3 50. Kg4 d4 51. Kf4 Nd2 52. Rc1 Kd6 53. Kg3 Kd5 0-1

[Event "Kashem Chowdhury Rating-A 2019"]
[Site "Dhaka"]
[Date "2019.05.07"]
[Round "4.6"]
[White "Rahman, Syed Mahfuzur"]
[Black "Subrota, Biswas"]
[Result "0-1"]
[ECO "D43"]
[WhiteElo "2217"]
[BlackElo "2086"]
[Annotator "NA"]
[PlyCount "62"]
[EventDate "2019.05.04"]
[EventType "swiss"]
[EventCountry "BAN"]
[SourceTitle "playchess.com"]
[Source "ChessBase"]
[SourceQuality "1"]
[TimeControl "5400+30"]

1. d4 Nf6 2. Nf3 d5 3. c4 e6 4. Nc3 c6 5. Bg5 h6 6. Bxf6 Qxf6 7. e3 Nd7 8. Qc2 g6 9. cxd5 exd5 10. Bd3 Bg7 11. O-O O-O 12. b4 {[%emt 0:06:51] D43: Semi-Slav: 5 Bg5 h6} (12. Rab1 a5 13. h3 Qd6 14. Rfc1 Nb6 15. Qb3 Qb4 16. Nd2 Nd7 17. Qc2 Rd8 18. Na4 Bf8 19. Nf3 Qd6 {½-½ (47) Stern,R (2521)-Rodshtein,M (2687) Germany 2016}) 12... Qd6 13. b5 c5 14. dxc5 Nxc5 15. Rad1 Be6 {[%emt 0:02:39] [#]} 16. Bc4 $1 Bxc3 17. Qxc3 Rac8 18. Qd4 Rfd8 19. Qh4 $146 ({Predecessor:} 19. h3 Qb6 {½-½ (30) Bolenkov,V (2076)-Korshunov,S ICCF email 2013}) 19... Ne4 20. Bd3 Nc3 21. Rd2 Kg7 22. Qd4+ Kg8 23. Rb2 ({Not} 23. Qxa7 b6 $17) 23... Rc5 24. h3 Rdc8 $11 25. Bxg6 fxg6 26. Qf6 Kh7 27. Ne5 Rg8 28. f3 Rg7 29. Rc2 d4 30. Nd3 Rf5 31. Qh4 Bc4 0-1